 Dungeon Crawl Stone Soup version 0.28-b1-25-g9875b3fc8c (webtiles) character file.

Game seed: 10644580742433720226

100 JJisdabomb the Skirmisher (level 4, 35/35 HPs)
             Began as a Demonspawn Fighter on Feb 1, 2022.
             Got out of the dungeon alive.
             The game lasted 00:05:44 (2592 turns).

JJisdabomb the Skirmisher (Demonspawn Fighter)      Turns: 2592, Time: 00:05:45

Health: 35/35      AC:  7    Str: 18    XL:     4   Next: 46%
Magic:  5/5        EV:  9    Int:  9    God:
Gold:   133        SH:  4    Dex: 13    Spells: 3/3 levels left

rFire   . . .      SeeInvis .   a - +0 long sword
rCold   + . .      Faith    .   d - +0 buckler
rNeg    . . .      Spirit   .   c - +0 scale mail
rPois   .          Reflect  .   (no helmet)
rElec   .          Harm     .   (no cloak)
rCorr   .          Rampage  .   (no gloves)
Will    .....                   p - +0 pair of boots
Stlth   ..........              (no amulet)
HPRegen 0.11/turn               m - ring of protection from cold
MPRegen 0.09/turn               (no ring)

@: no status effects
A: claws 1, spiny 1
a: no special abilities


You escaped.
You visited 1 branch of the dungeon, and saw 3 of its levels.

You collected 133 gold pieces.

Inventory:

Hand Weapons
 a - a +0 long sword (weapon)
 b - a +0 dagger of venom
Armour
 c - a +0 scale mail (worn)
 d - a +0 buckler (worn)
 p - a +0 pair of boots (worn)
Jewellery
 m - a ring of protection from cold (left claw)
Scrolls
 g - 2 scrolls of immolation {unknown}
 k - a scroll of fear {unknown}
 o - a scroll of enchant armour {unknown}
Potions
 e - 2 potions of might
 f - a potion of haste {unknown}
 h - a potion of lignification {unknown}
 i - a potion of heal wounds {unknown}
 j - a potion of mutation {unknown}
 l - a potion of attraction {unknown}
 n - a potion of curing {unknown}


   Skills:
 + Level 3.4 Fighting
 * Level 2.8 Long Blades
 + Level 3.1 Armour
 + Level 3.1 Shields
 + Level 2.2 Invocations


You had 3 spell levels left.
You didn't know any spells.
Your spell library contained the following spells:

 Spells                   Type           Power      Damage    Failure   Level
 Animate Skeleton         Necr           0%         N/A       86%         1
 Pain                     Necr           0%         1d4       86%         1
 Vampiric Draining        Necr           0%         2d6       99%         3


Dungeon Overview and Level Annotations

Branches:
Dungeon (3/15)

Altars:
Zin


Innate Abilities, Weirdness & Mutations

You have sharp fingernails.
You are partially covered in sharp spines.


Message History

a +0 whip; a kobold corpse
Found a stone staircase leading down.
Found a pair of boots.
o - a scroll labelled NAENGUBO ETHU You see here a +0 pair of boots.
p - a +0 pair of boots You start putting on your armour.
You continue putting on your +0 pair of boots. x4
You finish putting on your +0 pair of boots.
Jessica the Apprentice Sorceress comes into view.
She is wielding a +0 club.
Jessica shouts!
You hit Jessica.
Jessica is moderately wounded.
Jessica is struck by your spines. Jessica hits you with a +0 club.
You closely miss Jessica.
Jessica is heavily wounded.
Jessica hits you with a +0 club.
You hit Jessica.
Jessica is severely wounded.
Jessica barely misses you.
Jessica casts a spell.
Jessica seems to speed up.
You completely miss Jessica.
Jessica is severely wounded.
You block Jessica's attack. Jessica is struck by your spines.
You kill Jessica!
Things that are here:
a +0 whip; a kobold corpse You open the door.
There is an open door here.
There is a stone staircase leading up here.
You climb upwards.
There is a stone staircase leading down here.
There is a stone staircase leading up here.
You climb upwards.
There is a stone staircase leading down here.
You see here a +0 dagger.
There is a staircase leading out of the dungeon here.
Are you sure you want to leave the Dungeon?
This will make you lose the game!
You have escaped!

..##.#### ##
#...........#..####
#.##.#
PP..P#...#.......#>.#
..##.#
..P..#...#.......#.)#
..##.#
.♣.PP#.#.#.......#..####
.)##.#
P.P.P#.#.#.......#......
..##.#
.PPP.#...#.....#.#.#####
...#.#
PPP..#...#.......#.#
...#.#
PP♣.P#.).#.#.###.#.#
.#.#.#
P...P#.@.#.#...#.#.#
.#.#.#
P...♣#...#.#.....#.#
.#.#.#
PP...#...#.#.#####.#
.#.#.#
P....#...#.........#
.....#
♣♣PPP#.#.#.#########
.....# ♣P♣PP#.#.#.....#
.....# P...P#...#.###.#
.....# ...P.#...#.# #.#
.....# ######...#.# #.#


There were no monsters in sight!

Vanquished Creatures
  Jessica (D:3)
  An adder (D:2)
  A worm (D:2)
  2 dart slugs
  3 endoplasms
  2 giant cockroaches
  7 goblins
  4 hobgoblins
  7 jackals (D:1)
  A quokka (D:1)
  7 ball pythons
  8 bats
  A frilled lizard (D:1)
  9 kobolds
  3 rats
57 creatures vanquished.

Notes
Turn   | Place    | Note
-------+----------+-------------------------------------------
     0 | D:1      | JJisdabomb the Demonspawn Fighter began the quest for the
                  | Orb.
     0 | D:1      | Reached XP level 1. HP: 18/18 MP: 1/1
   320 | D:1      | Found a faded altar of an unknown god.
   400 | D:1      | Gained mutation: You are partially covered in sharp spines.
                  | [demonic ancestry]
   400 | D:1      | Reached XP level 2. HP: 24/24 MP: 2/2
   547 | D:1      | Reached skill level 1 in Invocations
   700 | D:1      | Reached XP level 3. HP: 25/29 MP: 3/3
  1509 | D:2      | You fall into a shaft and drop 1 floor!
  1961 | D:2      | Gained mutation: You have sharp fingernails. [demonic
                  | ancestry]
  1961 | D:2      | Reached XP level 4. HP: 35/35 MP: 5/5
  2398 | D:3      | Noticed Jessica
  2403 | D:3      | Killed Jessica
  2592 | D:$      | Got out of the dungeon alive.

Illustrated notes

Levels and vault maps discovered:
D:1:      minmay_arrival_arboretum_small, layout_basic, basic_ecumenical_altar
D:2:      layout_loops_ring, basic_altar, st_stairs_13
D:3:      layout_basic, uniq_jessica

Skill      XL: |  1  2  3  4 |
---------------+-------------+-----
Long Blades    | 2 |  2.8
Invocations    | 1 2 |  2.2
Shields        | 3 |  3.1
Armour         | 3 |  3.1
Fighting       | |  3.4

Action                   |  1- 3 |  4- 6 || total
-------------------------+-------+-------++-------
Melee: Long sword        |    94 |    15 ||   109
Armor: Scale mail        |    52 |     6 ||    58
Dodge: Dodged            |    33 |     3 ||    36
Block: Buckler           |    17 |     5 ||    22
